 Dungeon Crawl Stone Soup version 0.24.0-123-gd5b16e6ec5 (webtiles) character file.

Game seed: 6426227383367797010, levelgen mode: deterministic

6146 Curus the Carver (level 10, -1/93 HPs)
             Began as a Minotaur Berserker on Dec 23, 2019.
             Was a High Priest of Trog.
             Killed from afar by an electric eel (8 damage)
             ... with a bolt of electricity
             ... on level 9 of the Dungeon.
             The game lasted 00:36:09 (7167 turns).

Curus the Carver (Minotaur Berserker)               Turns: 7167, Time: 00:36:10

Health: -1/93      AC: 16    Str: 24    XL:     10   Next: 59%
Magic:  0/9        EV:  7    Int:  7    God:    Trog [*****.]
Gold:   285        SH:  3    Dex: 13    Spells: 9/9 levels left

rFire    . . .     SeeInvis .   z - +0 scimitar
rCold    . . .     Gourm    .   h - +0 buckler
rNeg     . . .     Faith    .   f - +1 plate armour
rPois    .         Spirit   +   (helmet restricted)
rElec    .         Reflect  .   B - scarf {Spirit}
rCorr    .         Harm     .   (no gloves)
MR       ++...                  p - +0 pair of boots
Stlth    ..........             (no amulet)
HPRegen  1.25/turn              d - +2 ring of strength
MPRegen  0.11/turn              x - +3 ring of dexterity

@: regenerating
A: retaliatory headbutt, horns 2, deterioration 1, wild magic 1
a: Berserk, Trog's Hand, Brothers in Arms, Renounce Religion


You were on level 9 of the Dungeon.
You worshipped Trog.
Trog was extremely pleased with you.
You were not hungry.

You visited 1 branch of the dungeon, and saw 9 of its levels.
You also visited: Sewer.

You collected 372 gold pieces.
You spent 87 gold pieces at shops.

Inventory:

Hand Weapons
 a - a +1 falchion
 u - a +2 long sword
 z - a +0 scimitar (weapon)
 C - a +0 great sword
Armour
 b - a +0 animal skin
 f - a +1 plate armour (worn)
 h - a +0 buckler (worn)
 j - a +0 shield
 p - a +0 pair of boots (worn)
 t - a +0 cloak
 B - a scarf of spirit shield (worn)
Jewellery
 d - a +2 ring of strength (left hand)
 v - a cursed ring of attention
 x - a +3 ring of dexterity (right hand)
 A - an uncursed ring of fire
Wands
 s - a wand of flame (7)
 w - a wand of acid (8)
 y - a wand of disintegration (54)
Scrolls
 g - 8 scrolls of teleportation
 i - 5 scrolls of remove curse
 k - 7 scrolls of identify
 q - 4 scrolls of fear
 r - 2 scrolls of magic mapping
Potions
 e - 4 potions of curing
 l - a potion of agility
 m - 2 potions of flight
 n - 3 potions of might
Comestibles
 c - 13 rations
 D - 2 chunks of flesh


   Skills:
 + Level 9.8 Fighting
 - Level 14.0 Long Blades
 + Level 9.4 Armour
 - Level 2.1 Dodging


You had 9 spell levels left.
You didn't know any spells.
Your spell library was empty.

Dungeon Overview and Level Annotations

Branches:
Dungeon (9/15)             Temple (0/1) D:4             Orc (0/2) D:9
  Sewer (visited)
   Lair: D:8-11

Altars:
Nemelex Xobeh
Yredelemnul

Shops:
D:5 *   D:9 (

Annotations:
D:7 1 runed translucent door


Innate Abilities, Weirdness & Mutations

You reflexively headbutt those who attack you in melee.
You have a pair of horns on your head.
Your body sometimes deteriorates upon taking damage.
Your spells are a little harder to cast, but a little more powerful.


Message History

The electric eel shoots out a bolt of lightning at you!
The bolt of electricity hits you!
* * * LOW HITPOINT WARNING * * *
The electric eel shoots out a bolt of lightning at you!
The bolt of electricity hits you!
* * * LOW HITPOINT WARNING * * *
Okay, then.
Unknown command.
Unknown command.
Okay, then.
Unknown command.
Unknown command.
As you read the scroll of fog, it crumbles to dust.
The scroll dissolves into smoke.
The electric eel shoots out a bolt of lightning at you!
The bolt of electricity hits you.
* * * LOW HITPOINT WARNING * * *
The electric eel shoots out a bolt of lightning at you!
The bolt of electricity hits you!
You die...

##.#........###
≈≈≈.≈≈≈..≈≈...≈≈≈≈≈#
≈≈≈.≈≈≈≈.≈≈...≈≈≈≈≈#
≈;;.≈≈≈≈..≈...≈≈≈≈≈#
..............≈≈≈≈≈#
≈≈≈.≈≈≈≈≈.≈≈..≈≈≈≈≈# #
≈≈;...§.......≈≈≈≈≈# #
≈≈≈≈≈≈§§§§≈≈.≈†≈≈≈≈# #
≈≈≈≈;§§@§§...†....≈# #
≈≈≈≈≈.§§§≈.≈.≈≈≈≈.≈# #
≈≈≈≈≈≈≈≈≈≈.§≈≈≈.≈.≈≈≈≈.≈#
####≈≈≈≈≈≈≈≈≈≈.≈≈≈≈.≈.≈≈≈≈.≈#
.....≈≈≈≈≈≈≈≈≈.≈≈≈≈...≈≈≈≈.≈#
##...≈≈≈;≈≈≈≈≈.≈≈≈≈≈..≈≈≈≈.≈#
#....≈≈≈≈≈≈≈≈≈.......>≈≈≈≈.≈#
....≈≈;≈≈≈≈≈≈≈≈≈≈≈≈≈≈≈≈≈≈≈.≈#
#...≈≈≈≈≈≈≈


You could see 3 electric eels.

Vanquished Creatures
  A manticore (D:8)
  Sigmund (D:3)
  2 hippogriffs
  A wyvern (D:9)
  A human (D:7)
  4 hogs (D:7)
  3 ice beasts
  A sky beast (D:8)
  A black bear (D:9)
  5 orc warriors
  A phantom (D:9)
  An ogre (D:5)
  6 centaurs
  A crocodile (D:9)
  8 bullfrogs
  3 big kobolds
  A scorpion (D:9)
  13 killer bees
  3 electric eels (D:9)
  2 howler monkeys
  A quasit (D:8)
  Crazy Yiuf (D:3)
  A centaur skeleton (D:6)
  4 hounds
  2 bullfrog skeletons
  3 orc priests
  7 orc wizards
  3 iguanas
  Jessica (D:3)
  Natasha (twice) (D:3)
  6 worker ants
  A hound zombie (D:7)
  2 worker ant zombies
  3 gnolls (D:7)
  15 adders
  4 river rats
  3 shadow imps
  5 oozes
  9 worms
  A dart slug (D:1)
  3 leopard geckos
  22 orcs
  4 ball pythons
  8 giant cockroaches
  4 goblins
  6 hobgoblins
  5 jackals (D:4)
  19 kobolds
  9 quokkas
  11 bats
  6 frilled lizards
  A goblin zombie (D:7)
  A jackal skeleton (D:7)
  A jackal zombie (D:7)
  2 leopard gecko skeletons
  A leopard gecko zombie (D:6)
  A quokka skeleton (D:7)
  9 rats
246 creatures vanquished.

Notes
Turn   | Place    | Note
-------+----------+-------------------------------------------
     0 | D:1      | Curus the Minotaur Berserker began the quest for the Orb.
     0 | D:1      | Reached XP level 1. HP: 19/19 MP: 0/0
    73 | D:1      | Reached skill level 4 in Long Blades
   146 | D:1      | Reached XP level 2. HP: 20/26 MP: 1/1
   257 | D:1      | Reached skill level 5 in Long Blades
   270 | D:1      | Reached ** piety under Trog
   270 | D:1      | Reached XP level 3. HP: 31/31 MP: 2/2
   662 | D:2      | You fall into a shaft and drop 1 floor!
   829 | D:2      | Reached skill level 6 in Long Blades
   829 | D:2      | Reached XP level 4. HP: 37/39 MP: 3/3
  1088 | D:3      | Noticed Sigmund
  1101 | D:3      | Killed Sigmund
  1101 | D:3      | Reached skill level 8 in Long Blades
  1101 | D:3      | Reached XP level 5. HP: 45/45 MP: 4/4
  1170 | D:3      | Reached XP level 6. HP: 43/51 MP: 5/5
  1175 | D:3      | Found a glowing drain.
  1182 | Sewer    | Entered a sewer
  1489 | Sewer    | Reached skill level 9 in Long Blades
  1516 | Sewer    | Reached *** piety under Trog
  1683 | D:3      | Reached XP level 7. HP: 51/57 MP: 6/6
  1745 | D:3      | Noticed Jessica
  1749 | D:3      | Killed Jessica
  1817 | D:3      | Reached skill level 10 in Long Blades
  1860 | D:3      | Noticed Natasha
  1864 | D:3      | Killed Natasha
  2149 | D:3      | Noticed Natasha
  2160 | D:3      | Killed Natasha
  2167 | D:3      | Found a runed translucent door.
  2168 | D:3      | Noticed Crazy Yiuf
  2179 | D:3      | Killed Crazy Yiuf
  2313 | D:4      | You fall into a shaft and drop 2 floors!
  2332 | D:6      | Reached **** piety under Trog
  2358 | D:6      | Reached skill level 11 in Long Blades
  2371 | D:5      | Entered Level 5 of the Dungeon
  2371 | D:5      | Found Bidohec's General Store.
  2378 | D:5      | Bought a +0 long sword for 38 gold pieces
  2378 | D:5      | Bought a cursed ring of attention for 49 gold pieces
  2430 | D:5      | Reached XP level 8. HP: 34/64 MP: 7/7
  2478 | D:4      | Reached skill level 12 in Long Blades
  3421 | D:4      | Found a staircase to the Ecumenical Temple.
  3835 | D:5      | Reached skill level 13 in Long Blades
  4503 | D:6      | Reached XP level 9. HP: 64/70 MP: 8/8
  4562 | D:6      | Reached skill level 14 in Long Blades
  4859 | D:7      | Reached skill level 5 in Fighting
  5123 | D:7      | Gained mutation: Your body sometimes deteriorates upon
                  | taking damage. [potion of mutation]
  5123 | D:7      | Gained mutation: Your spells are a little harder to cast,
                  | but a little more powerful. [potion of mutation]
  5190 | D:7      | Reached skill level 5 in Armour
  5468 | D:7      | Found a runed translucent door.
  5474 | D:7      | Found a basalt altar of Yredelemnul.
  5500 | D:7      | Reached ***** piety under Trog
  5917 | D:8      | Noticed a manticore
  5989 | D:8      | Reached XP level 10. HP: 78/88 MP: 9/9
  6196 | D:8      | Killed a manticore
  6240 | D:8      | Found a sparkling altar of Nemelex Xobeh.
  6932 | D:9      | Found Cihah's Weapon Emporium.
  7074 | D:9      | Found a staircase to the Orcish Mines.
  7167 | D:9      | Killed from afar by an electric eel

Levels and vault maps discovered:
D:1:      sevenhm_arrival_forest_fort_small_6, layout_loops_cross,
          chequers_serial_rivers_micro_d, minmay_misc_feat_nine_boxes,
          minmay_tetromino_i4
D:2:      layout_basic, first_ration
D:3:      layout_rooms, lightli_sewer_entry_pipes, dk_noncrumbling_3,
          corexii_item_surrounded_by_moat, uniq_jessica, uniq_sigmund,
          uniq_crazy_yiuf_cottage, uniq_natasha
D:4:      layout_basic, minmay_temple_entry_nine_rooms
D:5:      layout_basic, serial_shops, nicolae_shop_statue_plus, st_stairs_14
D:6:      layout_rooms
D:7:      layout_rooms, grunt_livestock, dk_yredelemnul_ordeal
D:8:      layout_loops_ring, nemelex_xobeh_ov_fountains_minmay, glass_columns_a
D:9:      layout_basic, erik_lair_dragon, orc_0_dummy, serial_shops,
          nicolae_shop_waterfront, serial_glass, glass_columns_b,
          glass_columns_b, nicolae_straight_to_the_point

Skill      XL: |  1  2  3  4  5  6  7  8  9 10 |
---------------+-------------------------------+-----
Long Blades    | 4 5 6 8 9 11 13 14 | 14.0
Fighting       | 7 9 |  9.8
Armour         | 7 9 |  9.4
Dodging        | |  2.1

Action                   |  1- 3 |  4- 6 |  7- 9 | 10-12 || total
-------------------------+-------+-------+-------+-------++-------
Melee: Falchion          |    94 |   153 |   116 |       ||   363
       Headbutt          |    14 |    23 |    93 |    31 ||   161
       Long sword        |       |       |   198 |       ||   198
       Scimitar          |       |       |    91 |   145 ||   236
Invok: Berserk           |       |     1 |     2 |     1 ||     4
       Trog's Hand       |       |     1 |     1 |     4 ||     6
Evoke: Wand              |       |       |       |     1 ||     1
  Use: Scroll            |     6 |     4 |     3 |     1 ||    14
       Potion            |     2 |     5 |     3 |     1 ||    11
 Stab: Sleeping          |     1 |       |       |       ||     1
  Eat: Chunk             |       |     4 |    16 |     3 ||    23
       Ration            |       |       |       |     1 ||     1
Armor: Animal skin       |     4 |       |       |       ||     4
       Plate armour      |    57 |    52 |   232 |    60 ||   401
Dodge: Dodged            |    39 |    31 |   107 |    34 ||   211
Block: Buckler           |     2 |    13 |    36 |    19 ||    70
       Rpst.: Falchion   |    11 |     4 |     8 |       ||    23
       Long sword        |       |       |    20 |       ||    20
       Scimitar          |       |       |     5 |     8 ||    13
